 Dungeon Crawl Stone Soup version 0.17-a0-1255-gd996e2d (webtiles) character file.

137 MonkeyBuisness the Shooter (level 5, -3/45 HPs)
             Began as a Centaur Hunter on June 6, 2015.
             Killed by nerve-wracking pain
             ... invoked by Grinder
              (13 damage)
             ... on level 3 of the Dungeon.
             The game lasted 00:04:04 (1858 turns).

MonkeyBuisness the Shooter (Centaur Hunter)         Turns: 1858, Time: 00:04:04

Health: -3/45      AC: 14    Str: 15    XL:     5   Next: 0%
Magic:  5/5        EV:  7    Int: 10    God:
Gold:   99         SH:  0    Dex: 10    Spells: 0 memorised, 4 levels left

rFire  . . .     SeeInvis .     a - +1 shortbow
rCold  . . .     Clarity  .     d - +0 leather armour
rNeg   . . .     SustAt   .     (no shield)
rPois  .         Gourm    .     (no helmet)
rElec  .         Spirit   .     (no cloak)
rCorr  .         Warding  .     p - +2 pair of gloves
rMut   .         Stasis   .     o - +2 centaur barding
MR     .....                    (no amulet)
Stlth  +.........               (no ring)
                                (no ring)

@: very quick, not resistant to hostile enchantments, very unstealthy
A: hooves 3, deformed body, speed 2, tough skin 3
a: no special abilities


You were on level 3 of the Dungeon.
You were not hungry.

You visited 1 branch of the dungeon, and saw 3 of its levels.

You collected 99 gold pieces.

Inventory:

Hand weapons
 a - a +1 shortbow (weapon)
 c - a +0 short sword
Missiles
 b - 41 arrows (quivered)
Armour
 d - a +0 leather armour (worn)
 o - a +2 centaur barding (worn)
   (You found it on level 2 of the Dungeon)
 p - a +2 pair of gloves (worn)
   (You found it on level 3 of the Dungeon)
Jewellery
 k - an uncursed amulet of resist mutation {unknown}
   (You found it on level 2 of the Dungeon)
 s - a cursed amulet of inaccuracy {unknown}
   (You found it on level 3 of the Dungeon)
Scrolls
 h - 2 scrolls of remove curse {unknown}
 j - a scroll of immolation {unknown}
 n - a scroll of recharging {unknown}
 q - a scroll of magic mapping {unknown}
 r - a scroll of identify {unknown}
Potions
 f - 2 potions of flight {unknown}
 g - a potion of curing {unknown}
 i - a potion of might {unknown}
 m - a potion of cancellation {unknown}
Comestibles
 e - a bread ration {@e1}
 l - a royal jelly


   Skills:
 + Level 3.1 Fighting
 + Level 6.2 Bows
 + Level 1.4 Armour
 + Level 2.2 Dodging
 - Level 0.5 Stealth


You had 4 spell levels left.
You didn't know any spells.

Dungeon Overview and Level Annotations

Branches:
Dungeon (3/15)

Altars:

Annotations:
D:3 Grinder


Innate Abilities, Weirdness & Mutations

You have hooves in place of feet.
Armour fits poorly on your strangely shaped body.
You cover ground very quickly.
You have extremely tough skin (AC +3).


Message History

No target in view!
No target in view!
No target in view!
b - 50 arrows (gained 1)
b - 51 arrows (gained 1)
b - 56 arrows (gained 5)
You see here 16 sling bullets.
You see here 8 bolts.
You see here 8 bolts.
There is a large open door here.
s - a dented cameo amulet A rat and Grinder come into view.
Grinder says, "Wait up."
Aim: Grinder You shoot an arrow.
The arrow hits Grinder but does no damage.
Aim: Grinder You shoot an arrow.
The arrow hits Grinder.
Aim: Grinder (lightly wounded)
You shoot an arrow. The arrow hits Grinder!
Grinder says, "At least Makhleb appreciates what I'm doing."
Aim: Grinder (moderately wounded)
You shoot an arrow. The arrow closely misses Grinder.
Grinder gestures at you.
You suddenly lose the ability to move!
Grinder gestures.
Grinder blinks!
The rat bites you but does no damage. Grinder hits you but does no damage.
The rat bites you but does no damage. Grinder hits you but does no damage.
The rat bites you but does no damage.
You can move again.
Grinder gestures at you. Pain shoots through your body!
You take 3 damage, and have 35/38 hp.
Grinder gestures at you. Pain shoots through your body!
You take 5 damage, and have 30/38 hp.
Aim: a rat You shoot an arrow.
The arrow completely misses the rat.
Aim: a rat You shoot an arrow.
The arrow hits the rat.
You kill the rat!
You have reached level 5!
Grinder gestures.
Grinder blinks!
You regained 5 hp, and now have 35/45 hp.
MP restored: 5 No target in view!
No target in view!
No target in view!
Aim: Grinder (lightly wounded)
You shoot an arrow. The arrow hits Grinder.
Grinder gestures at you. Pain shoots through your body!
You are too injured to fight recklessly!
You take 5 damage, and have 31/45 hp.
You are too injured to fight recklessly!
You are too injured to fight recklessly!
You are too injured to fight recklessly!
You are too injured to fight recklessly!
Aim: Grinder (moderately wounded)
You shoot an arrow. The arrow closely misses Grinder.
Grinder gestures.
Grinder blinks!
Aim: Grinder (moderately wounded)
You shoot an arrow. The arrow hits Grinder!
Aim: Grinder (heavily wounded)
You shoot an arrow. The arrow hits Grinder.
Grinder closely misses you.
Aim: Grinder (heavily wounded)
You shoot an arrow. The arrow hits Grinder.
Grinder hits you!
You writhe in agony. x2
You take 7 damage, and have 24/45 hp.
Aim: Grinder (severely wounded)
You shoot an arrow. The arrow barely misses Grinder.
Grinder gestures at you.
You suddenly lose the ability to move!
Grinder gestures at you. You resist with significant effort.
Grinder says, "FISH!"
Grinder hits you! Grinder hits you!
* * * LOW HITPOINT WARNING * * *
You writhe in agony. x2
Grinder hits you but does no damage.
You can move again.
You take 13 damage, and have 11/45 hp.
MASSIVE DAMAGE!!
Aim: Grinder (severely wounded)
You shoot an arrow. The arrow barely misses Grinder.
Grinder hits you but does no damage.
Aim: Grinder (severely wounded)
You shoot an arrow. The arrow hits Grinder.
Grinder hits you but does no damage.
You close the large door.
Grinder hits you.
* * * LOW HITPOINT WARNING * * *
You take 2 damage, and have 10/45 hp.
Aim: Grinder (severely wounded)
You shoot an arrow. The arrow hits Grinder.
Grinder gestures at you. Pain shoots through your body!
You die...

.....#######.# .
.......(####(#####....
#.(((...(.......
#.####.(######## ♣♣#(#
##..##### ♣.♣.+.#
##.....# ♣..+5#
#####.# ♣♣♣#.## #@.#
####.## #..#..#
##.##.## #..(.(##
###....# ##...# .#
###.## %.... #..##


You could see Grinder.

Vanquished Creatures
  The ghost of MonkeyBuisness the Shooter, an average CeHu (D:3)
  An adder (D:3)
  A worm (D:2)
  A giant gecko (D:1)
  5 giant cockroaches
  5 goblins
  5 hobgoblins
  5 kobolds
  A ball python (D:2)
  4 bats
  A giant newt (D:2)
  4 jackals (D:1)
  4 rats
38 creatures vanquished.

Notes
Turn   | Place    | Note
--------------------------------------------------------------
     0 | D:1      | MonkeyBuisness the Centaur Hunter began the quest for the Orb.
     0 | D:1      | Reached XP level 1. HP: 17/17 MP: 1/1
   186 | D:1      | Reached XP level 2. HP: 24/24 MP: 2/2
   949 | D:2      | Reached XP level 3. HP: 30/30 MP: 3/3
  1290 | D:3      | Noticed MonkeyBuisness's ghost (average CeHu)
  1516 | D:3      | Killed MonkeyBuisness's ghost
  1516 | D:3      | Reached skill level 3 in Fighting
  1516 | D:3      | Reached skill level 6 in Bows
  1516 | D:3      | Reached skill level 1 in Armour
  1516 | D:3      | Reached skill level 2 in Dodging
  1516 | D:3      | Reached XP level 4. HP: 19/38 MP: 4/4
  1818 | D:3      | Noticed Grinder
  1822 | D:3      | Paralysed by Grinder for 5 turns
  1837 | D:3      | Reached XP level 5. HP: 35/45 MP: 5/5
  1845 | D:3      | Paralysed by Grinder for 4 turns
  1848 | D:3      | HP: 11/45 [Grinder (7)]
  1854 | D:3      | HP: 10/45 [Grinder (2)]
  1858 | D:3      | Killed from afar by Grinder

Vault maps used:
D:1:      minmay_arrival_arboretum_small, minivault_23
D:3:      zin_angel, kennysheep_generic_room_12, uniq_crazy_yiuf_cottage,
          uniq_grinder

Action                   |  1- 3 |  4- 6 || total
-------------------------+-------+-------++-------
 Fire: Shortbow          |   104 |    43 ||   147
  Eat: Bread ration      |       |     1 ||     1

Vault maps used:
D:1:      minmay_arrival_arboretum_small, minivault_23
D:3:      zin_angel, kennysheep_generic_room_12, uniq_crazy_yiuf_cottage,
          uniq_grinder

Table legend:
 A = Turns spent in this place as a percentage of turns spent in the entire game.
 B = Non-inter-level travel turns spent in this place as a percentage of non-inter-level travel turns spent in the entire game.
 C = Inter-level travel turns spent in this place as a percentage of turns spent in this place.
 D = Turns resting spent in this place as a percentage of non-inter-level travel turns spent in this place.
 E = Turns spent auto-exploring this place as a percentage of non-inter-level travel turns spent in this place.
 F = Non-inter-level travel turns spent in this place divided by the number of levels of this place that you've seen.
                   A       B       C       D       E      F
               +-------+-------+-------+-------+-------+----------------------
         Total | 100.0 | 100.0 |   0.6 |   2.0 |  14.2 | 117.0
       Dungeon | 100.0 | 100.0 |   0.6 |   2.0 |  14.2 | 117.0
               +-------+-------+-------+-------+-------+----------------------

Table legend:
 A = Kills in this place as a percentage of kills in entire the game.
 B = Kills by you in this place as a percentage of kills by you in the entire game.
 C = Kills by friends in this place as a percentage of kills by friends in the entire game.
 D = Other kills in this place as a percentage of other kills in the entire game.
 E = Experience gained in this place as a percentage of experience gained in the entire game.
 F = Experience gained in this place divided by the number of levels of this place that you have seen.
                   A       B       C       D       E      F
               +-------+-------+-------+-------+-------+----------------------
         Total | 100.0 | 100.0 |  -nan |  -nan | 100.0 |  65.3
       Dungeon | 100.0 | 100.0 |  -nan |  -nan | 100.0 |  65.3
               +-------+-------+-------+-------+-------+----------------------
